 Dungeon Crawl Stone Soup version 0.23-a0-512-g50a8178 (webtiles) character file.

723 CrossKnight the Twirler (level 7, 0/53 HPs)
             Began as a Demonspawn Gladiator on Dec 4, 2018.
             Was a Believer of Okawaru.
             Slain by a hound (1 damage)
             ... on level 5 of the Dungeon.
             The game lasted 00:27:30 (6148 turns).

CrossKnight the Twirler (Demonspawn Gladiator)      Turns: 6148, Time: 00:27:30

Health: 0/53       AC: 10    Str: 14 (15) XL:     7   Next: 43%
Magic:  7/7        EV:  7    Int:  8 (10) God:    Okawaru [**....]
Gold:   273        SH:  0    Dex: 13 (15) Spells: 6/6 levels left

rFire    . . .     SeeInvis .   A - +0 great sword
rCold    + + .     Gourm    +   (shield currently unavailable)
rNeg     . . .     Faith    .   u - +0 chain mail
rPois    .         Spirit   .   (helmet restricted)
rElec    .         Reflect  .   q - +0 cloak
rCorr    .         Harm     .   (no gloves)
MR       .....                  (no boots)
Stlth    ..........             s - amulet of the gourmand
HPRegen  0.17/turn              C - ring of protection from cold
MPRegen  0.10/turn              i - +5 ring of slaying

@: no status effects
A: antennae 1, claws 1, hooves 1, cold resistance 1
a: Heroism, Renounce Religion


You were on level 5 of the Dungeon.
You worshipped Okawaru.
Okawaru was pleased with you.
You were not hungry.

You visited 2 branches of the dungeon, and saw 6 of its levels.

You collected 273 gold pieces.

Inventory:

Hand Weapons
 a - a +0 quarterstaff
 y - a +0 long sword
 A - a +0 great sword (weapon)
Missiles
 d - 3 throwing nets (quivered)
Armour
 b - a +0 leather armour
 c - a +0 helmet
 k - a +2 helmet of see invisible
 q - a +0 cloak (worn)
 u - a +0 chain mail (worn)
Jewellery
 e - an uncursed ring of see invisible
 i - a +5 ring of slaying (right claw)
 s - an amulet of the gourmand (around neck)
 C - a ring of protection from cold (left claw)
Scrolls
 h - 7 scrolls of identify {unknown}
 j - a scroll of fog {unknown}
 l - 2 scrolls of magic mapping {unknown}
 r - a scroll of random uselessness {unknown}
 w - a scroll of remove curse {unknown}
 x - a scroll of noise {unknown}
 B - a scroll of amnesia {unknown}
Potions
 g - 2 potions of might {unknown}
 n - 2 potions of lignification {unknown}
 o - a potion of brilliance {unknown}
 p - 3 potions of curing {unknown}
 t - a potion of ambrosia {unknown}
 v - a potion of cancellation {unknown}
 z - a potion of haste {unknown}
Comestibles
 f - 5 rations


   Skills:
 + Level 3.7 Fighting
 + Level 1.4 Long Blades
 + Level 5.4 Staves
 + Level 1.8 Throwing
 + Level 3.1 Armour
 + Level 3.8 Dodging
 + Level 1.1 Stealth


You had 6 spell levels left.
You didn't know any spells.
Your spell library contained the following spells:

 Spells                   Type           Power        Failure   Level  Hunger
 Animate Skeleton         Necr           N/A          100%        1    ##.....
 Apportation              Tloc           #.....       100%        1    ##.....
 Confusing Touch          Hex            #.....       100%        1    ##.....
 Summon Small Mammal      Summ           #...         100%        1    ##.....


Dungeon Overview and Level Annotations

Branches:
Dungeon (5/15)             Temple (1/1) D:4

Altars:
Ashenzari
Cheibriados
Dithmenos
Elyvilon
Fedhas
Gozag
Hepliaklqana
Kikubaaqudgha
Makhleb
Nemelex Xobeh
Okawaru
Qazlal
Ru
Sif Muna
Trog
Vehumet
Wu Jian
Xom
Yredelemnul
Zin

Shops:
D:5 (


Innate Abilities, Weirdness & Mutations

You have a pair of small antennae on your head.
You have sharp fingernails.
You have large cloven feet.
Your flesh is cold resistant. (rC+)


Message History

You slash the gnoll shaman! Your kick misses the gnoll shaman.
The gnoll shaman is heavily wounded.
The hound bites you but does no damage. The gnoll hits you but does no damage.
The gnoll hits you from afar with a cursed +0 spear.
* * * LOW HITPOINT WARNING * * *
The hound bites you but does no damage.
The gnoll shaman hits you with a +0 club.
* * * LOW HITPOINT WARNING * * *
The gnoll hits you but does no damage.
It was a potion of degeneration.
There was something very wrong with that liquid.
You feel weakened.
You feel dopey.
You feel clumsy. The hound bites you but does no damage.
The gnoll hits you from afar with a cursed +0 spear.
* * * LOW HITPOINT WARNING * * *
The gnoll hits you but does no damage.
The gnoll shaman hits you with a +0 club.
* * * LOW HITPOINT WARNING * * *
The hound bites you.
You die...

##### ####...# ..##...#
#.##...# # #.##...#
..#.###g##...###########
.....5hg................
.....gg@................
#.#.###g################
#.# # #.# # #.# #.#
###### #.# #..... #.#
#..... #.....


You could see a gnoll shaman, a hound, 4 gnolls and a crimson imp.

Vanquished Creatures
  2 ogres
  2 crimson imps
  2 hounds
  2 orc priests
  2 orc wizards
  2 iguanas
  A worker ant (D:4)
  5 gnolls
  7 adders
  3 worms
  2 dart slugs (D:1)
  7 leopard geckos
  16 orcs
  A ball python (D:4)
  8 bats
  4 giant cockroaches
  13 goblins
  7 hobgoblins
  4 jackals (D:4)
  6 kobolds
  3 quokkas
  4 frilled lizards
  6 rats
109 creatures vanquished.

Notes
Turn   | Place    | Note
-------+----------+-------------------------------------------
     0 | D:1      | CrossKnight the Demonspawn Gladiator began the quest for
                  | the Orb.
     0 | D:1      | Reached XP level 1. HP: 16/16 MP: 1/1
   335 | D:1      | Gained mutation: You have sharp fingernails. [demonic
                  | ancestry]
   335 | D:1      | Reached XP level 2. HP: 22/22 MP: 2/2
   475 | D:1      | Reached skill level 3 in Staves
   774 | D:1      | Reached XP level 3. HP: 27/27 MP: 3/3
  1492 | D:2      | Reached skill level 1 in Armour
  1492 | D:2      | Gained mutation: You have a pair of small antennae on your
                  | head. [demonic ancestry]
  1492 | D:2      | Reached XP level 4. HP: 34/34 MP: 4/4
  1593 | D:2      | Found a faded altar of an unknown god.
  1599 | D:2      | Became a worshipper of Warmaster Okawaru
  1599 | D:2      | Reached * piety under Okawaru
  2555 | D:3      | Reached XP level 5. HP: 33/39 MP: 5/5
  2559 | D:3      | Reached skill level 4 in Staves
  3977 | D:4      | Gained mutation: You have large cloven feet. [demonic
                  | ancestry]
  3977 | D:4      | Reached XP level 6. HP: 35/47 MP: 6/6
  4001 | D:4      | Reached skill level 1 in Stealth
  4378 | D:4      | Found a staircase to the Ecumenical Temple.
  4443 | Temple   | Entered the Ecumenical Temple
  4643 | D:4      | Reached ** piety under Okawaru
  4643 | D:4      | Reached skill level 5 in Staves
  5614 | D:5      | Entered Level 5 of the Dungeon
  5614 | D:5      | Found a blossoming altar of Fedhas.
  5678 | D:5      | Gained mutation: Your flesh is cold resistant. (rC+)
                  | [demonic ancestry]
  5678 | D:5      | Reached XP level 7. HP: 50/52 MP: 7/7
  5764 | D:5      | Found Cug Xenoy's Weapon Boutique.
  5914 | D:5      | Reached skill level 1 in Long Blades
  6148 | D:5      | HP: 1/53 [gnoll shaman/+0 club (3)]
  6148 | D:5      | Slain by a hound

Vault maps used:
D:1:      elethiomel_arrival_infinity_welcomes_careful_drivers
D:2:      chequers_ecumenical_altar_grove
D:3:      eino_curves_01
D:4:      minmay_inner_zag, minmay_temple_entry_slanted,
          chequers_hall_statues_y, minmay_pentomino_pile
D:5:      serial_shops, kennysheep_little_box, basic_altar, first_ration,
          chequers_hall_statues_wall_a
Temple:   regret_index_temple_chain_breaker

Skill      XL: |  1  2  3  4  5  6  7 |
---------------+----------------------+-----
Dodging        | 3 |  3.8
Staves         | 3 4 5 |  5.4
Armour         | 1 2 3 |  3.1
Fighting       | 3 |  3.7
Stealth        | 1 |  1.1
Long Blades    | 1 |  1.4
Throwing       | |  1.8

Action                   |  1- 3 |  4- 6 |  7- 9 || total
-------------------------+-------+-------+-------++-------
Melee: Quarterstaff      |    75 |   158 |       ||   233
       Kick              |       |    21 |     7 ||    28
       Great sword       |       |     5 |    17 ||    22
  Use: Potion            |       |       |     1 ||     1
 Stab: Sleeping          |     1 |     1 |       ||     2
  Eat: Ration            |     1 |     3 |       ||     4
       Chunk             |       |     1 |     3 ||     4
Armor: Leather armour    |    35 |    26 |       ||    61
       Chain mail        |       |    35 |    23 ||    58
Dodge: Dodged            |    97 |   140 |    23 ||   260
       Rpst.: Great sword |       |     1 |     4 ||     5

Table legend:
 A = Non-vault XP
 B = Vault XP
 C = Vault XP percentage of total XP
 D = Non-vault monster count
 E = Vault monster count
 F = Vault count percentage of total count
                 A         B        C        D         E       F
            +---------+---------+-------+---------+---------+-------
      Total |     908 |     126 |  12.2 |     101 |       8 |   7.3
            +---------+---------+-------+---------+---------+-------
        D:1 |      42 |       0 |   0.0 |      21 |       0 |   0.0
        D:2 |     111 |       0 |   0.0 |      24 |       0 |   0.0
        D:3 |     145 |       0 |   0.0 |      24 |       0 |   0.0
        D:4 |     304 |     126 |  29.3 |      22 |       8 |  26.7
        D:5 |     306 |       0 |   0.0 |      10 |       0 |   0.0
            +---------+---------+-------+---------+---------+-------
